 Dungeon Crawl Stone Soup version 0.21.1-1-g345015f (webtiles) character file.

1940 Celtican the Covered (level 8, -10/70 HPs)
             Began as a Minotaur Fighter on July 23, 2018.
             Killed by divine providence
             ... invoked by an orc priest
              (13 damage)
             ... on level 6 of the Dungeon on July 24, 2018.
             The game lasted 00:33:06 (4226 turns).

Celtican the Covered (Minotaur Fighter)             Turns: 4226, Time: 00:33:09

Health: -10/70     AC: 15    Str: 22    XL:     8   Next: 98%
Magic:  7/7        EV: 11    Int: 11    God:
Gold:   245        SH:  0    Dex: 11    Spells: 7/7 levels left

rFire    . . .     SeeInvis .   d - +4 dire flail (protect)
rCold    . . .     Gourm    .   (shield currently unavailable)
rNeg     . . .     Faith    .   e - +0 scale mail
rPois    .         Spirit   .   (helmet restricted)
rElec    .         Reflect  .   (no cloak)
rCorr    +         Harm     .   (no gloves)
MR       .....                  (no boots)
Stlth    ..........             j - amulet of regeneration
HPRegen  0.61/turn              i - +6 ring of intelligence
MPRegen  0.10/turn              s - ring of resist corrosion

@: protection aura
A: retaliatory headbutt, horns 2
a: no special abilities


You were on level 6 of the Dungeon.
You were not hungry.

You visited 1 branch of the dungeon, and saw 6 of its levels.

You collected 245 gold pieces.

Inventory:

Hand Weapons
 a - a +0 flail
 d - a +4 dire flail of protection (weapon)
 h - a +0 hunting sling
 l - a +2 long sword of protection
 v - a +1 hand axe of electrocution
 y - a +0 dire flail
 B - a +1 whip of flaming
Missiles
 m - 47 sling bullets (quivered)
Armour
 b - a +0 scale mail
 c - a +1 shield
 e - a +0 scale mail (worn)
Magical Staves
 n - an uncursed staff of fire
Jewellery
 i - a +6 ring of intelligence (left hand)
 j - an amulet of regeneration (around neck)
 s - a ring of resist corrosion (right hand)
 t - an uncursed amulet of magic regeneration
Wands
 q - a wand of acid (8)
 w - a wand of disintegration (15)
 x - a wand of polymorph (11)
Scrolls
 g - 7 scrolls of identify
 p - a scroll of fog
 r - 3 scrolls of remove curse
 A - a scroll of amnesia
Potions
 k - 3 potions of cancellation
 z - 2 potions of brilliance
Comestibles
 f - 13 rations
 u - 6 chunks of flesh


   Skills:
 + Level 5.9 Fighting
 + Level 7.3 Long Blades
 + Level 4.9 Maces & Flails
 + Level 1.2 Slings
 + Level 7.5 Armour
 + Level 3.1 Dodging
 + Level 1.4 Stealth
 + Level 6.8 Shields


You had 7 spell levels left.
You didn't know any spells.

Dungeon Overview and Level Annotations

Branches:
Dungeon (6/15)
 Temple: D:4-7

Altars:


Innate Abilities, Weirdness & Mutations

You reflexively headbutt those who attack you in melee.
You have a pair of horns on your head.


Message History

The orc wizard hits you but does no damage.
The orc priest barely misses you.
You barely miss the orc priest. Your headbutt misses the orc priest.
The orc priest is lightly wounded.
The orc wizard hits you but does no damage.
The orc priest begins to cast a cantrip, but forgets the words!
The orc wizard hits you but does no damage.
You closely miss the orc priest. Your headbutt misses the orc priest.
The orc priest is lightly wounded.
The orc wizard closely misses you.
The orc priest hits you but does no damage.
The orc wizard hits you with a dagger.
* * * LOW HITPOINT WARNING * * *
You hit the orc priest.
Your weapon exudes an aura of protection.
The orc priest is heavily wounded.
The orc wizard closely misses you.
The orc priest calls down the wrath of Beogh upon you.
Beogh smites you!
You die...

########
#....o.###########
#o####............
#@# ######.....##
#o# ##.###<## #.#
#.o.##.## #.#
.......... #.#
###........ ...
##.#.###. ###
..>#.# #. ## #. #.
# #.


You could see an orc priest and an orc wizard.

Vanquished Creatures
  The ghost of dedward the Skirmisher, a novice DsFi (D:6)
  Eustachio (D:6)
  Edmund (D:5)
  Menkaure (D:6)
  An orc warrior (D:6)
  A black bear (D:5)
  An ogre (D:4)
  A wyvern zombie (D:6)
  A bullfrog (D:6)
  A crimson imp (D:6)
  An orc priest (D:6)
  A jelly (D:5)
  2 hounds
  3 orc wizards
  A bullfrog skeleton (D:5)
  An iguana (D:2)
  Natasha (thrice) (D:3)
  7 worker ants
  A worker ant zombie (D:5)
  7 gnolls
  2 howler monkey skeletons
  3 adders
  A shadow imp (D:6)
  An ooze (D:2)
  2 adder skeletons
  3 worms
  2 leopard geckos
  3 orcs (D:6)
  3 ball pythons
  4 bats
  4 giant cockroaches (D:2)
  7 goblins
  8 hobgoblins
  8 jackals
  3 quokkas
  A ball python skeleton (D:4)
  6 frilled lizards
  10 kobolds
  6 rats
114 creatures vanquished.

Notes
Turn   | Place    | Note
-------+----------+-------------------------------------------
     0 | D:1      | Celtican the Minotaur Fighter began the quest for the Orb.
     0 | D:1      | Reached XP level 1. HP: 19/19 MP: 0/0
    63 | D:1      | Reached XP level 2. HP: 27/27 MP: 1/1
   767 | D:2      | Reached XP level 3. HP: 33/33 MP: 2/2
  1034 | D:2      | Reached XP level 4. HP: 28/40 MP: 3/3
  1284 | D:2      | Reached skill level 1 in Long Blades
  1347 | D:3      | Found a faded altar of an unknown god.
  1394 | D:3      | Reached XP level 5. HP: 22/46 MP: 4/4
  2028 | D:3      | Noticed Natasha
  2040 | D:3      | Killed Natasha
  2040 | D:3      | Reached skill level 1 in Dodging
  2122 | D:3      | Noticed Natasha
  2127 | D:3      | Killed Natasha
  2193 | D:3      | Noticed Natasha
  2204 | D:3      | Killed Natasha
  2293 | D:4      | Reached XP level 6. HP: 53/53 MP: 5/5
  2377 | D:4      | Reached skill level 5 in Armour
  2810 | D:4      | Reached skill level 5 in Shields
  3078 | D:5      | Entered Level 5 of the Dungeon
  3190 | D:5      | Reached XP level 7. HP: 50/60 MP: 6/6
  3266 | D:5      | Reached skill level 1 in Stealth
  3632 | D:6      | Noticed Menkaure
  3635 | D:6      | Killed Menkaure
  3651 | D:6      | Reached skill level 5 in Long Blades
  3664 | D:6      | Noticed dedward's ghost (novice DsFi)
  3679 | D:6      | Killed dedward's ghost
  3679 | D:6      | Reached skill level 5 in Fighting
  3679 | D:6      | Reached XP level 8. HP: 46/68 MP: 7/7
  3779 | D:6      | Noticed Edmund
  3808 | D:5      | Killed Edmund
  3913 | D:6      | Noticed Eustachio
  3923 | D:6      | Killed Eustachio
  4075 | D:6      | Reached skill level 1 in Slings
  4222 | D:6      | HP: 3/70 [orc priest/divine providence (8)]
  4226 | D:6      | Killed from afar by an orc priest

Skill      XL: |  1  2  3  4  5  6  7  8 |
---------------+-------------------------+-----
Armour         | 4 5 6 7 |  7.5
Shields        | 4 5 6 |  6.8
Maces & Flails | 3 4 |  4.9
Fighting       | 4 5 |  5.9
Long Blades    | 1 3 4 6 7 |  7.3
Dodging        | 1 2 3 |  3.1
Stealth        | 1 |  1.4
Slings         | 1 |  1.2

Action                   |  1- 3 |  4- 6 |  7- 9 || total
-------------------------+-------+-------+-------++-------
Melee: Flail             |    51 |       |       ||    51
       Headbutt          |    13 |    22 |    21 ||    56
       Long sword        |    26 |   128 |    66 ||   220
       Dire flail        |       |       |    54 ||    54
 Fire: Hunting sling     |       |       |     6 ||     6
  Use: Scroll            |     6 |     2 |     1 ||     9
       Potion            |     1 |     5 |     3 ||     9
  Eat: Chunk             |       |     8 |     3 ||    11
Armor: Scale mail        |    35 |    62 |    49 ||   146
Dodge: Dodged            |    25 |    37 |    51 ||   113
Block: Shield            |    37 |    69 |    36 ||   142
       Rpst.: Long sword |     6 |     6 |     3 ||    15
